AoeStats
← [PSCH] R!ce

Arabia

505408124Analyzed
1v1 RM · 23d ago on Sep 9, 2026· 72m 16s· 2 players
Game mode
Random Map
Map size
Tiny (2 player)
Population
200
Speed
Normal
Resources
Standard
Victory
Conquest
Starting age
Dark Age
Ending age
Imperial Age
RankedLock teamsTeams togetherTeam positionsShared explorationLock speedFull tech treeHidden civsTurbo modeCheats
Victory
Defeat
🇨🇳 Goths · China
1559
+16
🇨🇭 Vikings · Switzerland
1554
-16
[PSCH] R!ce
10:29 Feudal Age
8:46 Loom
10:33 Feudal Age
10:59 Man-at-Arms
17:01 Fletching
17:29 Double-Bit Axe
23:09 Castle Age
21:14 Horse Collar
22:09 Padded Archer Armor
22:18 Scale Mail Armor
23:15 Long Swordsman
23:16 Elite Skirmisher
24:14 Bodkin Arrow
28:00 Chain Mail Armor
29:32 Ballistics
30:30 Leather Archer Armor
33:17 Arson
34:49 Forging
35:20 Town Watch
38:43 Pikeman
43:43 Imperial Age
42:47 Gambesons
44:31 Bracer
44:22 Two-Handed Swordsman
47:35 Ring Archer Armor
47:36 Plate Mail Armor
47:41 Iron Casting
49:17 Chemistry
48:37 Chieftains
49:39 Town Watch
50:23 Squires
49:44 Champion
52:57 Blast Furnace
61:57 Light Cavalry
62:45 Scale Barding Armor
Mariner
6:03 Loom
9:47 Feudal Age
10:32 Double-Bit Axe
10:16 Man-at-Arms
14:18 Fletching
16:14 Scale Mail Armor
22:05 Castle Age
20:00 Horse Collar
20:50 Padded Archer Armor
21:23 Scale Barding Armor
21:21 Gold Mining
22:16 Crossbowman
23:07 Bodkin Arrow
25:35 Bow Saw
29:29 Chain Barding Armor
33:42 Bloodlines
34:33 Husbandry
38:25 Wheelbarrow
37:36 Town Watch
38:56 Forging
40:22 Ballistics
42:11 Iron Casting
41:55 Stone Mining
44:06 Hand Cart
46:31 Imperial Age
44:22 Heavy Plow
45:00 Chain Mail Armor
44:46 Squires
44:26 Long Swordsman
47:15 Bracer
48:31 Chemistry
46:54 Two-Handed Swordsman
49:08 Anarchy
49:44 Hand Cart
50:26 Conscription
51:41 Blast Furnace
50:28 Elite Huskarl
52:55 Champion
61:36 Capped Ram
68:01 Heavy Scorpion
Connection lost

Rejoining the realm…

Still unreachable

The connection could not be restored.

Session expired

The server has moved on; the page needs a fresh start.